 Dungeon Crawl Stone Soup version 0.30.0-29-ga12c61a403 (webtiles) character file.

Game seed: 16295004766697943814

142 ChadusMaximus the Shield-Bearer (level 5, -13/47 HPs)
             Began as a Minotaur Fighter on June 11, 2023.
             Killed from afar by an orc (19 damage)
             ... with an iceblast
             ... on level 3 of the Dungeon.
             The game lasted 00:01:03 (1482 turns).

ChadusMaximus the Shield-Bearer (Minotaur Fighter)  Turns: 1482, Time: 00:01:04

Health: -13/47     AC:  7    Str: 22    XL:     5   Next: 4%
Magic:  4/4        EV:  9    Int:  5    God:
Gold:   95         SH:  4    Dex: 10    Spells: 4/4 levels left

rFire   . . .        a - +0 war axe
rCold   . . .        c - +0 buckler
rNeg    . . .        b - +0 scale mail
rPois   .            (helmet restricted)
rElec   .            (no cloak)
rCorr   .            (no gloves)
SInv    .            (no boots)
Will    .....        (no amulet) Stlth
                     (no ring)
HPRegen 0.27/turn    (no ring)
MPRegen 0.09/turn

%: no passive effects
@: no status effects
A: horns 2, retaliatory headbutt
a: no special abilities


You were on level 3 of the Dungeon.
You visited 1 branch of the dungeon, and saw 3 of its levels.

You collected 95 gold pieces.

Inventory:

Hand Weapons
 a - a +0 war axe (weapon)
Armour
 b - a +0 scale mail (worn)
 c - a +0 buckler (worn)
Jewellery
 m - a ring of ice
Scrolls
 e - a scroll of summoning {unknown}
 f - a scroll of enchant armour {unknown}
 i - a scroll of teleportation {unknown}
 j - 3 scrolls of identify {unknown}
 l - a scroll of fear {unknown}
Potions
 d - a potion of might
 g - 3 potions of heal wounds {unknown}
 h - a potion of berserk rage {unknown}
 k - a potion of attraction {unknown}


   Skills:
 + Level 4.5 Fighting
 * Level 4.1 Axes
 + Level 4.5 Armour
 + Level 4.5 Shields


You had 4 spell levels left.
You didn't know any spells.
Your spell library contained the following spells:

 Spells                   Type           Power      Damage    Failure   Level
 Ensorcelled Hibernation  Hex/Ice        0%         N/A       94%         2
 Spider Form              Tmut/Pois      0%         N/A       99%         3
 Anguish                  Hex/Necr       0%         N/A       100%        4


Dungeon Overview and Level Annotations

Branches:
Dungeon (3/15)

Altars:
Wu Jian
Zin


Innate Abilities, Weirdness & Mutations

You have a pair of horns on your head.
You reflexively headbutt those who attack you in melee.


Message History

An endoplasm comes into view.
The endoplasm quivers.
An orc comes into view. It is wielding a +0 hand axe.
There are monsters nearby!
The orc shouts!
You hear a shout! x2
Unknown command.
There are monsters nearby!
An orc comes into view.
It is wielding a +0 mace and carrying a wand of iceblast (6).
The endoplasm freezes you.
You are frozen.
You slash the endoplasm!
You kill the endoplasm!
An orc wizard comes into view. It is wielding a +0 dagger.
The orc zaps a wand.
The mass of ice explodes!
The iceblast engulfs you!!
You hear a shout!
The orc wizard mumbles some strange words.
The orc wizard flickers and vanishes!
Deactivating autopickup; reactivate with Ctrl-A.
There are monsters nearby!
Unknown command.
There are monsters nearby!
You hit the orc but do no damage. Your headbutt misses the orc.
You block the orc's attack.
Unknown command.
There are monsters nearby!
You hit the orc. You headbutt the orc.
You kill the orc!
A hobgoblin comes into view. It is wielding a +0 whip.
Something tries to affect you, but you resist.
The orc zaps a wand.
The mass of ice explodes!
The iceblast engulfs you!
The orc zaps a wand.
The mass of ice explodes!
The iceblast engulfs you!
* * * LOW HITPOINT WARNING * * *
You hear an angry hiss.
A magic dart appears from out of thin air!
The magic dart hits you.
* * * LOW HITPOINT WARNING * * *
An adder comes into view.
The adder hisses angrily.
The orc zaps a wand.
The mass of ice explodes!
The iceblast engulfs you!!
You die...

########.## #.# #.#
#.# #.######.#
########.# #........#
#........# #.########
#..#####.#######)#
####......g....o.##)#
............####.##)#
.........####
#.##)#############
###..)..##
#@##.##..........>
##...##
#.##....#########.
#..## .S##.#### #.
#.## ......# ## #.
....#### .. ......
... ...$... ........


You could see an adder and an orc.

Vanquished Creatures
  4 gnolls (D:3)
  4 adders (D:2)
  3 dart slugs
  An orc (D:3)
  6 ball pythons
  9 endoplasms
  A giant cockroach (D:1)
  7 goblins
  2 hobgoblins
  2 jackals (D:2)
  4 kobolds
  4 quokkas
  6 bats
  3 frilled lizards (D:1)
  3 rats
59 creatures vanquished.

Notes
Turn   | Place    | Note
-------+----------+-------------------------------------------
     0 | D:1      | ChadusMaximus the Minotaur Fighter began the quest for the
                  | Orb.
     0 | D:1      | Reached XP level 1. HP: 19/19 MP: 0/0
    43 | D:1      | Reached XP level 2. HP: 25/27 MP: 1/1
   271 | D:1      | Reached XP level 3. HP: 33/33 MP: 2/2
   582 | D:2      | Reached XP level 4. HP: 33/40 MP: 3/3
   936 | D:2      | Found an ornate altar of the Wu Jian Council.
  1287 | D:3      | Found a glowing silver altar of Zin.
  1310 | D:3      | Reached XP level 5. HP: 47/47 MP: 4/4
  1482 | D:3      | Killed from afar by an orc

Illustrated notes

Levels and vault maps discovered:
D:1:      spicycebolla_arrival_xxxplode, layout_loops_ring
D:2:      layout_rooms, basic_altar, chequers_serial_rivers_marsh
D:3:      layout_loops_ring, grunt_temple_overflow_lords_of_destruction,
          zin_academy, nicolae_elevator_lobby_plus

Skill      XL: |  1  2  3  4 |
---------------+-------------+-----
Shields        | 4 |  4.5
Fighting       | 4 |  4.5
Armour         | 4 |  4.5
Axes           | 3 4 |  4.1

Action                     |  1- 3 |  4- 6 || total
---------------------------+-------+-------++-------
  Melee: War axe           |    55 |    41 ||    96
         Headbutt          |     8 |     2 ||    10
 Armour: Scale mail        |    23 |    15 ||    38
  Dodge: Dodged            |    27 |    21 ||    48
  Block: Buckler           |    18 |     8 ||    26
